 Dungeon Crawl Stone Soup version 0.21-a0-517-gd76cfe0 (webtiles) character file.

129 slep the Chopper (level 5, 0/35 HPs)
             Began as a Halfling Gladiator on Dec 4, 2017.
             Slain by Grinder (6 damage)
             ... while paralysed by Grinder
             ... on level 3 of the Dungeon.
             The game lasted 00:06:23 (1798 turns).

slep the Chopper (Halfling Gladiator)               Turns: 1798, Time: 00:06:25

Health: 0/35       AC:  6    Str: 16    XL:     5   Next: 35%
Magic:  5/5        EV:  3    Int:  6    God:
Gold:   86         SH:  0    Dex: 16    Spells: 4/4 levels left

rFire    . . .     SeeInvis .   a - +0 war axe
rCold    . . .     Gourm    .   p - +0 shield
rNeg     . . .     Faith    .   j - +0 ring mail
rPois    +         Spirit   .   c - +0 helmet
rElec    .         Reflect  .   (no cloak)
rCorr    .         Harm     .   (no gloves)
MR       .....     Rnd*Tele +   (no boots)
Stlth    +.........             (no amulet)
HPRegen  0.11/turn              o - ring of teleportation (curse)
MPRegen  0.09/turn              v - ring of poison resistance

@: paralysed, berserk cooldown, slowed
A: small, mutation resistance 1
a: no special abilities


You were on level 3 of the Dungeon.
You were not hungry.

You visited 1 branch of the dungeon, and saw 3 of its levels.

You collected 86 gold pieces.

Inventory:

Hand Weapons
 a - a +0 war axe (weapon)
Missiles
 d - 3 throwing nets (quivered)
Armour
 b - a +0 leather armour
 c - a +0 helmet (worn)
 j - a +0 ring mail (worn)
 p - a +0 shield (worn)
Jewellery
 o - a cursed ring of teleportation (left hand)
 v - a ring of poison resistance (right hand)
Scrolls
 e - a scroll of teleportation {unknown}
 g - 2 scrolls of amnesia {unknown}
 q - a scroll of remove curse {unknown}
 u - a scroll of blinking {unknown}
 x - a scroll of enchant armour {unknown}
Potions
 k - a potion of berserk rage
 m - a potion of ambrosia {unknown}
 r - a potion of haste {unknown}
 s - 2 potions of heal wounds {unknown}
 t - a potion of mutation {unknown}
 w - a potion of invisibility {unknown}
Comestibles
 f - 3 bread rations
 h - 7 chunks of flesh
 i - a royal jelly
 l - 3 fruits
 n - 2 meat rations


   Skills:
 + Level 2.4 Fighting
 + Level 4.2 Axes
 + Level 2.1 Throwing
 + Level 1.3 Armour
 + Level 4.0 Dodging
 + Level 0.4 Stealth
 + Level 0.9 Shields


You had 4 spell levels left.
You didn't know any spells.

Dungeon Overview and Level Annotations

Branches:
Dungeon (3/15)

Altars:
Makhleb
Nemelex Xobeh

Annotations:
D:3 Grinder


Innate Abilities, Weirdness & Mutations

You are small and have problems with some larger weapons.
You are somewhat resistant to further mutation.


Message History

You block the adder's attack.
You miss the adder.
The adder is moderately wounded.
The adder barely misses you. The adder completely misses you.
You block the adder's attack.
You barely miss the adder.
The adder is moderately wounded.
The adder closely misses you. The adder bites you. x2
You slash the adder!
You kill the adder!
Grinder shouts!
Grinder blinks!
Found a ring mail.
Grinder blinks!
Grinder gestures at you.
You suddenly lose the ability to move!
Grinder hits you!
You writhe in agony.
Grinder hits you.
* * * LOW HITPOINT WARNING * * *
You writhe in agony.
You die...

##.#.### ...#...# .#####.#
...#...# #..#..## ..).).#
#..)).# ##....###
###############
........####...5@........#
###.#..............#####.#
#.###.####.#####.# #.# #.#
#.# #.# #.# #.# #.# #.#
#.# #.# #.# ..# #.# #.#
#.# #.# #.# #.# #[# #.#
#.# #.# #.# #.# ..# #5#
#.#


You could see Grinder.

Vanquished Creatures
  2 orc wizards (D:3)
  3 adders
  A worm (D:2)
  2 dart slugs (D:1)
  A leopard gecko (D:1)
  3 orcs (D:3)
  A giant cockroach (D:3)
  3 goblins
  4 hobgoblins
  4 kobolds (D:1)
  A quokka (D:2)
  3 bats
  3 frilled lizards (D:1)
  7 rats (D:1)
38 creatures vanquished.

Notes
Turn   | Place    | Note
-------+----------+-------------------------------------------
     0 | D:1      | slep the Halfling Gladiator began the quest for the Orb.
     0 | D:1      | Reached XP level 1. HP: 14/14 MP: 1/1
    92 | D:1      | Reached XP level 2. HP: 12/19 MP: 2/2
   324 | D:1      | Reached XP level 3. HP: 10/24 MP: 3/3
   671 | D:2      | Found a sparkling altar of Nemelex Xobeh.
  1547 | D:3      | Reached XP level 4. HP: 13/29 MP: 4/4
  1673 | D:3      | Found a burning altar of Makhleb.
  1711 | D:3      | Reached skill level 1 in Armour
  1727 | D:3      | Reached XP level 5. HP: 30/35 MP: 5/5
  1776 | D:3      | Noticed Grinder
  1797 | D:3      | Paralysed by Grinder for 7 turns
  1798 | D:3      | Slain by Grinder

Vault maps used:
D:1:      roderic_dead_forest
D:2:      lemuel_coloured_pillars_altar
D:3:      old_standard_altar, cheibrodos_gnoll_hut, uniq_grinder, uniq_jessica

Skill      XL: |  1  2  3  4 |
---------------+-------------+-----
Fighting       | 2 |  2.4
Armour         | 1 |  1.3
Axes           | 4 |  4.2
Dodging        | 4 |  4.0
Throwing       | |  2.1
Stealth        | |  0.4
Shields        | |  0.9

Action                   |  1- 3 |  4- 6 || total
-------------------------+-------+-------++-------
Melee: War axe           |   116 |    28 ||   144
  Use: Potion            |       |     2 ||     2
  Eat: Chunk             |       |     3 ||     3
Armor: Leather armour    |     8 |       ||     8
       Ring mail         |    15 |     6 ||    21
       Skin              |       |    24 ||    24
Dodge: Dodged            |    90 |    12 ||   102
Block: Shield            |    25 |    15 ||    40

Table legend:
 A = Spawn XP
 B = Non-spawn XP
 C = Spawn XP percentage of total XP
 D = Spawn monster count
 E = Non-spawn monster count
 F = Spawn count percentage of total count
 G = Total turns spent on level
                    A         B        C        D         E        F      G
               +---------+---------+-------+---------+---------+-------+---------
         Total |       0 |     185 |   0.0 |       0 |      38 |   0.0 |  1798
               +---------+---------+-------+---------+---------+-------+---------
           D:1 |       0 |      40 |   0.0 |       0 |      24 |   0.0 |   635
           D:2 |       0 |      21 |   0.0 |       0 |       4 |   0.0 |   874
           D:3 |       0 |     124 |   0.0 |       0 |      10 |   0.0 |   289
               +---------+---------+-------+---------+---------+-------+---------
